 Dungeon Crawl Stone Soup version 0.31-a0-965-g8a8ce12e04 (webtiles) character file.

Game seed: 1539487340225230288

2096 MacCMillion the Ruffian (level 9, -20/62 HPs)
             Began as an Octopode Shapeshifter on Oct 25, 2023.
             Was an Initiate of Gozag.
             Demolished by an orc warrior
             ... wielding a +0 halberd
              (28 damage)
             ... in a bailey on Oct 26, 2023.
             The game lasted 00:10:29 (6544 turns).

MacCMillion the Ruffian (Octopode Shapeshifter)     Turns: 6544, Time: 00:10:30

Health: -20/62     AC:  1    Str: 18    XL:     9   Next: 27%
Magic:  9/9        EV: 21    Int: 12    God:    Gozag
Gold:   523        SH:  0    Dex: 17    Spells: 8/8 levels left

rFire   . .          .
                       - Unarmed
rCold   . . .        (no shield)
rNeg    . . .        (helmet currently unavailable)
rPois   .            u - amulet of regeneration
rElec   .            l - +5 ring of evasion
rCorr   .            F - +6 ring of dexterity
SInv    .            (no ring)
Will    .....        (no ring)
Stlth   +++++        (no ring)
HPRegen 1.10/turn    (no ring)
MPRegen 0.11/turn    (no ring)
                     (no ring)

%: no passive effects
@: beast-form
A: beast (slay +3), almost no armour, amphibious, 8 rings, camouflage 1,
gelatinous body 1, nimble swimmer 1, tentacles
a: Begin Untransformation, Renounce Religion, Potion Petition, Call Merchant,
Bribe Branch


You were in a bailey.
You worshipped Gozag.
Gozag was pleased with you.
You were a hulking beast.
You visited 2 branches of the dungeon, and saw 8 of its levels.
You also visited: Bailey.

You collected 657 gold pieces.
You paid 134 gold pieces to Gozag.

Inventory:

Missiles
 q - 10 poisoned darts
Jewellery
 l - a +5 ring of evasion (left tentacle)
 r - an amulet of magic regeneration
 u - an amulet of regeneration (around mantle)
 w - a ring of fire
 B - an amulet of guardian spirit
 E - an amulet of the acrobat
 F - a +6 ring of dexterity (right tentacle)
Talismans
 b - a beast talisman
 c - a flux talisman
 i - a blade talisman
Scrolls
 d - a scroll of poison
 f - a scroll of amnesia
 g - 2 scrolls of teleportation
 h - a scroll of revelation
 j - 2 scrolls of vulnerability {unknown}
 k - a scroll of torment
 m - a scroll of fog {unknown}
 n - a scroll of fear {unknown}
 s - 2 scrolls of noise {unknown}
 y - a scroll of enchant armour {unknown}
 C - a scroll of acquirement {unknown}
 D - a scroll of summoning {unknown}
Potions
 a - a potion of lignification
 e - a potion of attraction
 o - 2 potions of heal wounds
 p - a potion of brilliance
 t - 2 potions of might
 v - 2 potions of curing
 x - a potion of mutation {unknown}
 z - a potion of enlightenment {unknown}
 A - a potion of invisibility {unknown}


   Skills:
 + Level 5.7 Fighting
 + Level 6.0 Dodging
 - Level 4.0 Stealth
 + Level 6.5 Unarmed Combat
 + Level 6.0 Shapeshifting


You had 8 spell levels left.
You didn't know any spells.
Your spell library contained the following spells:

 Spells                   Type           Power      Damage    Failure   Level
 Apportation              Tloc           0%         N/A       32%         1
 Magic Dart               Conj           0%         1d3       32%         1
 Slow                     Hex            0%         N/A       32%         1
 Blink                    Tloc           0%         N/A       45%         2
 Call Imp                 Summ           0%         N/A       45%         2
 Ensorcelled Hibernation  Hex/Ice        0%         N/A       45%         2
 Jinxbite                 Hex            0%         N/A       45%         2
 Lesser Beckoning         Tloc           0%         N/A       45%         2
 Momentum Strike          Conj/Tloc      0%         3d8       45%         2
 Confusing Touch          Hex            0%         N/A       69%         3
 Gell's Gravitas          Tloc           0%         N/A       69%         3
 Ignite Poison            Fire/Tmut/Pois 0%         N/A       69%         3
 Mephitic Cloud           Conj/Pois/Air  0%         N/A       69%         3
 Sigil of Binding         Hex            0%         N/A       69%         3
 Teleport Other           Tloc           0%         N/A       69%         3
 Vampiric Draining        Necr           0%         2d6       69%         3
 Anguish                  Hex/Necr       0%         N/A       97%         4
 Sticky Flame             Conj/Fire      0%         2d3       97%         4
 Alistair's Intoxication  Tmut/Pois      0%         N/A       100%        5
 Dispersal                Tloc           0%         N/A       100%        6
 Ignition                 Fire           0%         3d3       100%        8


Dungeon Overview and Level Annotations

Branches:
Dungeon (7/15)             Temple (1/1) D:6          Bailey (1/1)

Altars:
Ashenzari
Cheibriados
Dithmenos
Elyvilon
Fedhas
Gozag
Kikubaaqudgha
Makhleb
Nemelex Xobeh
Okawaru
Qazlal
Ru
Sif Muna
Trog
Uskayaw
Vehumet
Wu Jian
Xom
Yredelemnul
Zin
The Shining One

Annotations:
D:1 2 transporters Bailey 2 runed translucent doors


Innate Abilities, Weirdness & Mutations

You are a hulking beast.
Your limbs bulge with bestial killing power. (Slay +3)
You cannot wear most types of armour.
You are amphibious.
You can wear up to eight rings at the same time.
Your skin changes colour to match your surroundings (Stealth+).
Your rubbery body absorbs attacks. (AC +1, EV +1)
You are camouflaged when in or above water. (Stealth+)
You have tentacles for arms and can constrict up to eight enemies at once.


Message History

You enter the deep water.
You start waiting.
An orc knight is nearby!
The orc knight completely misses you. The orc knight closely misses you.
You barely miss the orc knight. You grab the orc knight.
You squeeze the orc knight, but do no damage.
You constrict the orc knight, but do no damage.
The orc knight hits you with a +0 trident.
You bludgeon the orc knight!
The orc knight is lightly wounded.
You constrict the orc knight.
The orc knight hits you with a +0 trident!!
You tentacle-slap the orc knight but do no damage.
The orc knight is lightly wounded.
You constrict the orc knight, but do no damage.
The orc knight completely misses you.
You completely miss the orc knight.
The orc knight is lightly wounded.
You constrict the orc knight, but do no damage.
The orc knight closely misses you.
You tentacle-slap the orc knight but do no damage.
The orc knight is lightly wounded.
You constrict the orc knight, but do no damage.
The orc knight hits you with a +0 trident!
You release your grip on the orc knight.
The orc knight completely misses you. The orc warrior misses you.
The orc warrior hits you with a +0 halberd!
You enter the deep water.
The orc warrior closely misses you.
The orc knight roars a battlecry!
The orc warrior goes into a battle-frenzy!
The orc warrior hits you from afar with a +0 halberd!
The orc warrior completely misses you. The orc warrior misses you.
The orc warrior hits you from afar with a +0 halberd!!
* * * LOW HITPOINT WARNING * * *
The orc warrior hits you from afar with a +0 halberd!!
You die...
Your body crumbles into a pile of gold.

#..........#
##..........##
###............#
♣♣............♣.#
#♣..♣.♣.......♣♣.###
#≈≈................♣♣
#≈≈≈...)#....#o.....♣♣
#≈≈≈≈≈≈≈#....#≈≈≈≈...♣
#≈≈≈≈≈≈≈#....#≈≈h≈≈≈.♣
#≈≈≈≈≈≈≈#....#≈≈≈≈≈≈≈♣♣#
#♣♣≈≈≈≈≈#....#≈≈≈≈≈≈≈≈≈#
♣♣♣..)#....#).o≈≈≈≈≈≈#
♣....♣......).....≈≈≈≈#
#.........).........≈≈≈#
#..####........####..≈≈#
##.#..####''####..#♣♣♣♣#
# #..............#


You could see an orc knight and an orc warrior (strong).

Vanquished Creatures
  2 steam dragons
  A water moccasin (D:5)
  A sky beast (D:7)
  6 orc warriors
  A phantom (D:5)
  Blork the orc (D:6)
  A bullfrog (D:5)
  3 scorpions
  7 hounds
  A gnoll bouda (D:6)
  2 orc priests
  An iguana (D:5)
  3 orc wizards
  8 gnolls
  6 adders
  A shadow imp (D:5)
  A white imp (D:6)
  4 ufetubi (D:6)
  A worm (D:3)
  6 dart slugs
  23 orcs
  7 ball pythons
  7 endoplasms
  3 giant cockroaches
  4 hobgoblins
  2 jackals (D:4)
  2 quokkas
  7 bats
  5 goblins
  5 kobolds
  3 rats
125 creatures vanquished.

Notes
Turn   | Place    | Note
-------+----------+-------------------------------------------
     0 | D:1      | MacCMillion the Octopode Shapeshifter began the quest for
                  | the Orb.
     0 | D:1      | Reached XP level 1. HP: 13/13 MP: 1/1
     1 | D:1      | Upgraded the game from 0.31-a0-963-ga325b2283a to
                  | 0.31-a0-965-g8a8ce12e04
   218 | D:1      | Reached XP level 2. HP: 18/18 MP: 2/2
   324 | D:1      | Reached skill level 1 in Stealth
  1032 | D:2      | Reached XP level 3. HP: 11/23 MP: 3/3
  1761 | D:3      | Reached XP level 4. HP: 29/29 MP: 4/4
  2783 | D:4      | Reached XP level 5. HP: 34/34 MP: 5/5
  3107 | D:4      | Identified the +5 mace of the Feather {heavy, *Slow rElec
                  | Int+8 Dex+6}
  3325 | D:4      | Found a sparkling altar of Nemelex Xobeh.
  3328 | D:4      | Found a shimmering altar of Xom.
  3328 | D:4      | Found a blossoming altar of Fedhas.
  3341 | D:4      | Found a radiant altar of Vehumet.
  3344 | D:4      | Found a hide-covered altar of Uskayaw.
  3442 | D:4      | Reached XP level 6. HP: 33/41 MP: 6/6
  3543 | D:5      | Entered Level 5 of the Dungeon
  3543 | D:5      | Noticed a water moccasin
  3551 | D:5      | Killed a water moccasin
  3601 | D:5      | Reached XP level 7. HP: 43/46 MP: 7/7
  4128 | D:5      | Reached skill level 5 in Unarmed Combat
  4421 | D:5      | Reached XP level 8. HP: 36/54 MP: 8/8
  4708 | D:6      | Noticed Blork the orc
  4738 | D:6      | Killed Blork the orc
  4903 | D:6      | Found a staircase to the Ecumenical Temple.
  4922 | Temple   | Entered the Ecumenical Temple
  5275 | Temple   | Became a worshipper of Gozag Ym Sagoz the Greedy
  5373 | D:6      | Reached skill level 5 in Dodging
  5373 | D:6      | Reached skill level 5 in Shapeshifting
  5444 | D:6      | Identified the flux talisman of the Devil {rElec rN+ SInv}
  5996 | D:7      | Noticed a kobold demonologist
  6043 | D:7      | Reached skill level 5 in Fighting
  6225 | D:7      | Found a flagged portal.
  6232 | Bailey   | Entered a bailey
  6260 | Bailey   | Reached XP level 9. HP: 49/61 MP: 9/9
  6493 | Bailey   | Found a large runed translucent door.
  6493 | Bailey   | Found a large runed translucent door.
  6494 | Bailey   | Noticed a deep elf zephyrmancer
  6496 | Bailey   | Noticed an orc knight
  6544 | Bailey   | Demolished by an orc warrior

Illustrated notes

Levels and vault maps discovered:
D:1:      spicycebolla_arrival_transporter_tutorial, layout_basic
D:2:      layout_loops_ring
D:3:      layout_basic
D:4:      layout_basic, minmay_overflow_temple_star_hex, cheibrodos_gnoll_hut
D:5:      layout_loops_cross
D:6:      layout_loops_corners, minmay_temple_entry_ruins, minmay_crystal_room,
          uniq_blork_the_orc
D:7:      layout_loops_cross, kennysheep_mini, enter_bailey_1, uniq_jeremiah
Temple:   nicolae_temple_slightly_damp_pantheon
Bailey:   bailey_polearm_elven_captive_hellmonk, bailey

Skill      XL: |  1  2  3  4  5  6  7  8  9 |
---------------+----------------------------+-----
Stealth        | 1 2 3 4 |  4.0
Fighting       | 2 3 4 5 |  5.7
Dodging        | 3 4 5 6 |  6.0
Unarmed Combat | 4 5 6 |  6.5
Shapeshifting  | 4 5 6 |  6.0

Action                     |  1- 3 |  4- 6 |  7- 9 || total
---------------------------+-------+-------+-------++-------
  Melee: Unarmed           |    64 |    86 |   174 ||   324
         Constrict         |    17 |    25 |    36 ||    78
         Tentacles         |    11 |    25 |    37 ||    73
         Punch             |     1 |     2 |    11 ||    14
    Use: Scroll            |       |       |    10 ||    10
   Stab: Sleeping          |     7 |     6 |     5 ||    18
         Distracted        |     1 |       |       ||     1
 Armour: Skin              |    27 |    22 |    95 ||   144
  Dodge: Dodged            |    39 |    60 |   169 ||   268

Table legend: (Time is in decaauts)
 A = Elapsed time spent in this place.
 B = Non-inter-level travel time spent in this place.
 C = Inter-level travel time spent in this place.
 D = Time resting spent in this place.
 E = Time spent auto-exploring this place.
 F = Levels seen in this place.
 G = Mean time per level.
                   A        B        C        D        E       F      G
               +--------+--------+--------+--------+--------+-----+--------+
         Total |   6517 |   6338 |    179 |   1170 |   3928 |   9 |  724.1 |
       Dungeon |   5806 |   5667 |    139 |    703 |   3894 |   7 |  829.4 |
        Temple |    403 |    363 |     40 |    358 |      0 |   1 |  403.0 |
        Bailey |    307 |    307 |      0 |    109 |     34 |   1 |  307.0 |
               +--------+--------+--------+--------+--------+-----+--------+

Top non-repeatable levels by time:
     D:5: 1109 daAuts
     D:4: 1054 daAuts
     D:1: 981 daAuts
     D:3: 945 daAuts
     D:6: 929 daAuts
     D:2: 552 daAuts
  Temple: 403 daAuts
  Bailey: 307 daAuts
     D:7: 233 daAuts
